 Dungeon Crawl Stone Soup version 0.20.1-1-g8b1a95d (webtiles) character file.

4227 dohliylev the Covert (level 10, -1/74 HPs)
             Began as a Vampire Assassin on Dec 5, 2017.
             Was a Follower of Makhleb.
             Slain by Psyche
             ... wielding a +2 dagger of chaos
              (3 damage)
             ... on level 8 of the Dungeon.
             The game lasted 00:40:05 (9333 turns).

dohliylev the Covert (Vampire Assassin)             Turns: 9333, Time: 00:40:08

Health: -1/74      AC:  6    Str: 10    XL:     10   Next: 9%
Magic:  12/13      EV: 20    Int: 14    God:    Makhleb [*.....]
Gold:   330        SH:  0    Dex: 19    Spells: 12/13 levels left

rFire    . . .     SeeInvis +   (no weapon)
rCold    . . .     Gourm    .   (no shield)
rNeg     + . .     Faith    .   C - +0 robe
rPois    .         Spirit   .   (no helmet)
rElec    .         Reflect  .   A - +2 cloak
rCorr    .         Harm     .   D - +0 pair of gloves {archery}
MR       +....                  (no boots)
Stlth    ++++++....             E - amulet of regeneration
Regen    0.7/turn               m - +1 ring of evasion
MPRegen  0.2/turn               J - ring of stealth

@: confusing touch
A: fangs 3, see invisible, unbreathing
a: Bat Form, Renounce Religion


You were on level 8 of the Dungeon.
You worshipped Makhleb.
Makhleb was aware of your devotion.
You were not thirsty.

You visited 2 branches of the dungeon, and saw 9 of its levels.

You collected 468 gold pieces.
You spent 138 gold pieces at shops.

Inventory:

Hand Weapons
 a - a +0 dagger of venom
 b - a +0 blowgun
 c - a +0 short sword of protection
Armour
 A - a +2 cloak (worn)
 C - a +0 robe (worn)
 D - a +0 pair of gloves of archery (worn)
Jewellery
 m - a +1 ring of evasion (left hand)
 E - an amulet of regeneration (around neck)
 J - a ring of stealth (right hand)
Wands
 G - a wand of paralysis (10/24)
 I - a wand of random effects (23/48)
Scrolls
 d - 2 scrolls of enchant weapon
 h - 3 scrolls of magic mapping {unknown}
 i - 4 scrolls of enchant armour
 j - 3 scrolls of fear
 o - 3 scrolls of teleportation
 r - 5 scrolls of recharging
 y - 2 scrolls of blinking
 z - a scroll of remove curse
 F - 2 scrolls of identify
Potions
 e - 2 potions of agility
 g - 17 potions of blood
 k - a potion of haste {unknown}
 l - a potion of lignification {unknown}
 n - a potion of cancellation {unknown}
 q - 2 potions of heal wounds {unknown}
 s - a potion of berserk rage {unknown}
 t - 2 potions of degeneration {unknown}
 u - 3 potions of brilliance {unknown}
 x - 3 potions of mutation {unknown}
 B - a potion of invisibility {unknown}
 H - a potion of flight {unknown}
Books
 w - a book of Cantrips

   Spells                             Type                      Level
   a - Confusing Touch                Hexes                        1
   b - Animate Skeleton               Necromancy                   1
   c - Summon Small Mammal            Summoning                    1
   d - Apportation                    Translocation                1


   Skills:
 - Level 5.0 Fighting
 - Level 8.0 Short Blades
 - Level 1.5 Throwing
 + Level 9.1 Dodging
 + Level 12.3 Stealth
 - Level 2.0 Spellcasting
 - Level 4.4 Hexes


You had 12 spell levels left.
You knew the following spells:

 Your Spells              Type           Power        Failure   Level  Hunger
a - Confusing Touch       Hex            ##....       3%          1    ##.....


Dungeon Overview and Level Annotations

Branches:
Dungeon (8/15)             Temple (1/1) D:6            Lair (0/6) D:8

Altars:
Ashenzari
Cheibriados
Dithmenos
Elyvilon
Fedhas
Gozag
Hepliaklqana
Kikubaaqudgha
Makhleb
Nemelex Xobeh
Okawaru
Qazlal
Ru
Sif Muna
Trog
Uskayaw
Vehumet
Xom
Yredelemnul
Zin
The Shining One

Shops:
D:5 ?

Annotations:
D:2 Grinder
D:8 Psyche


Innate Abilities, Weirdness & Mutations

You have razor-sharp teeth.
You have supernaturally acute eyesight. (SInv)
You can survive without breathing.


Message History

Your +1 ring of evasion unmelds from your body.
Your ring of stealth unmelds from your body.
Your +0 dagger of venom begins to drip with poison!
You feel that your aim is more steady.
Casting: Confusing Touch
Confirm with . or Enter, or press ? or * to list all spells.
Your hands begin to glow red.
Your +0 dagger of venom stops dripping with poison.
You are now empty-handed.
Psyche points at you and mumbles some strange words.
The puff of flame hits you!
* * * LOW HITPOINT WARNING * * *
Really attack barehanded?
You barely miss Psyche.
Psyche is moderately wounded.
Psyche says, "Once you're dead we can play together!"
Psyche misses you. Psyche hits you with a dagger of chaos.
* * * LOW HITPOINT WARNING * * *
Psyche burns you.
You die...

.........#### #...).#...........
............###########.........#
.###..............# ####.....##
.###..............########.....##
..............@...'......#.....'.
.≈.≈..............#......##....#.
.≈.≈.≈.≈..........#.......#....#.
.≈≈≈≈≈≈...#########(......#....##
≈.≈≈≈≈≈....%....@@.............##
≈≈≈≈≈≈≈≈...###############..)..##
≈≈≈≈≈≈≈≈≈≈.# #.#.....
.≈.(((≈≈≈≈.# #.......
...%≈≈§≈≈≈.# ##......
≈.>(.(≈≈≈≈.# #...... ....(≈≈≈≈≈.#
#.#...# [...≈≈≈≈≈≈.# #.#...#
.≈.(@≈≈≈≈..# #.#.(.#


You could see Psyche.

Vanquished Creatures
  A two-headed ogre (D:8)
  A troll (D:8)
  A hornet (D:8)
  A hippogriff (D:7)
  Sigmund (D:2)
  A sky beast (D:8)
  A hornet zombie (D:7)
  A phantom (D:7)
  2 ice beasts
  3 ogres
  3 centaurs
  A wolf (D:8)
  4 bullfrogs
  A scorpion (D:6)
  2 killer bees
  3 electric eels (D:8)
  5 orc priests
  7 hounds
  4 orc wizards
  Natasha (thrice) (D:2)
  2 centaur skeletons
  14 worker ants
  3 hound skeletons
  12 adders
  6 gnolls
  A howler monkey skeleton (D:5)
  A shadow imp (D:5)
  An adder zombie (D:5)
  An ooze (D:2)
  An adder skeleton (D:5)
  2 worms (D:2)
  5 leopard geckos
  35 orcs
  8 bats
  8 giant cockroaches
  3 goblins
  8 hobgoblins
  11 jackals
  6 kobolds
  3 quokkas
  4 ball pythons
  A frilled lizard (D:2)
  2 gnoll zombies (D:4)
  A quokka skeleton (D:4)
  A quokka zombie (D:7)
  5 rats
191 creatures vanquished.

Notes
Turn   | Place    | Note
-------+----------+-------------------------------------------
     0 | D:1      | dohliylev the Vampire Assassin began the quest for the Orb.
     0 | D:1      | Reached XP level 1. HP: 16/16 MP: 1/1
    24 | D:1      | Reached skill level 6 in Stealth
   352 | D:1      | Reached XP level 2. HP: 22/22 MP: 2/2
   771 | D:2      | Reached skill level 7 in Stealth
   798 | D:2      | Noticed Natasha
   814 | D:2      | Reached XP level 3. HP: 20/27 MP: 3/3
   821 | D:2      | Killed Natasha
   821 | D:2      | Reached skill level 8 in Stealth
   867 | D:2      | Reached XP level 4. HP: 13/33 MP: 4/4
   871 | D:2      | Noticed Natasha
  1289 | D:3      | Noticed Grinder
  1421 | D:2      | Reached skill level 9 in Stealth
  1559 | D:2      | Noticed Sigmund
  1722 | D:2      | Found an opulent altar of Gozag.
  1774 | D:2      | Found an iron altar of Okawaru.
  1867 | D:2      | Killed Natasha
  1867 | D:2      | Reached XP level 5. HP: 21/38 MP: 5/5
  1965 | D:2      | Noticed Natasha
  1971 | D:2      | Killed Natasha
  1971 | D:2      | Reached skill level 10 in Stealth
  2542 | D:2      | Killed Sigmund
  2542 | D:2      | Reached skill level 11 in Stealth
  2542 | D:2      | Reached XP level 6. HP: 44/44 MP: 6/6
  2732 | D:3      | Paralysed by Grinder for 7 turns
  2886 | D:3      | Learned a level 1 spell: Confusing Touch
  2961 | D:3      | Found a bloodstained altar of Trog.
  4418 | D:4      | Found a basalt altar of Yredelemnul.
  4614 | D:4      | Reached skill level 1 in Hexes
  4986 | D:4      | Reached skill level 12 in Stealth
  4986 | D:4      | Reached XP level 7. HP: 49/49 MP: 7/7
  5048 | D:4      | Found a blossoming altar of Fedhas.
  5339 | D:5      | Entered Level 5 of the Dungeon
  5410 | D:5      | Reached skill level 1 in Spellcasting
  5431 | D:5      | Found Katinan's Magic Scroll Shop.
  5434 | D:5      | Bought a scroll of enchant weapon for 90 gold pieces
  5434 | D:5      | Bought a scroll of identify for 24 gold pieces
  5434 | D:5      | Bought a scroll of identify for 24 gold pieces
  5639 | D:5      | Found a shattered altar of Ashenzari.
  5867 | D:5      | Reached skill level 5 in Dodging
  6247 | D:6      | Found a runed door.
  6249 | D:6      | Found a runed door.
  6371 | D:6      | Reached XP level 8. HP: 55/55 MP: 10/10
  6389 | D:6      | Found a white marble altar of Elyvilon.
  7005 | D:6      | Found a staircase to the Ecumenical Temple.
  7013 | Temple   | Entered the Ecumenical Temple
  7063 | Temple   | Became a worshipper of Makhleb the Destroyer
  7557 | D:7      | HP: 2/57 [killer bee (8)]
  7693 | D:7      | Reached XP level 9. HP: 34/63 MP: 12/12
  7949 | D:7      | Reached skill level 5 in Short Blades
  8052 | D:7      | Reached * piety under Makhleb
  8139 | D:8      | Noticed a two-headed ogre
  8147 | D:8      | Killed a two-headed ogre
  8219 | D:8      | Noticed Psyche
  8411 | D:8      | Found a staircase to the Lair.
  8436 | D:8      | Paralysed by a hornet for 1 turns
  8443 | D:8      | Reached skill level 5 in Fighting
  8683 | D:8      | Noticed a troll
  8801 | D:8      | Reached XP level 10. HP: 31/74 MP: 13/13
  9333 | D:8      | HP: 2/74 [Psyche/dagger of chaos (6)]
  9333 | D:8      | Slain by Psyche

Skill      XL: |  1  2  3  4  5  6  7  8  9 10 |
---------------+-------------------------------+-----
Stealth        | 6 7 8 9 11 12 | 12.3
Dodging        | 2 5 8 9 |  9.1
Hexes          | 1 2 4 |  4.4
Spellcasting   | 1 2 |  2.0
Fighting       | 3 5 |  5.0
Short Blades   | 4 8 |  8.0
Throwing       | |  1.5

Action                   |  1- 3 |  4- 6 |  7- 9 | 10-12 || total
-------------------------+-------+-------+-------+-------++-------
Melee: Dagger            |    39 |   262 |   220 |    25 ||   546
       Bite              |     2 |    15 |    50 |     5 ||    72
       Unarmed           |       |     7 |       |     5 ||    12
       Short sword       |       |     1 |   319 |    31 ||   351
 Fire: Blowgun           |     9 |    48 |    51 |    19 ||   127
 Cast: Confusing Touch   |       |     5 |       |     4 ||     9
 Abil: End Transformatio |       |     2 |       |     2 ||     4
       Bat Form          |       |     2 |       |     2 ||     4
  Use: Potion            |       |     1 |     2 |       ||     3
       Scroll            |       |       |     9 |       ||     9
 Stab: Sleeping          |     9 |    13 |    20 |       ||    42
       Confused          |       |     2 |       |       ||     2
       Distracted        |       |     1 |     1 |     1 ||     3
  Eat: Corpse            |     4 |    17 |    15 |       ||    36
Armor: Robe              |    12 |    21 |   112 |    13 ||   158
Dodge: Dodged            |    32 |   148 |   413 |    78 ||   671
